 Dungeon Crawl Stone Soup version 0.19.0-19-g8c6edcc (webtiles) character file.

130 Pihi the Spear-Bearer (level 5, -1/38 HPs)
             Began as a Merfolk Gladiator on Nov 13, 2016.
             Slain by Natasha (3 damage)
             ... on level 2 of the Dungeon.
             The game lasted 00:04:44 (1587 turns).

Pihi the Spear-Bearer (Merfolk Gladiator)           Turns: 1587, Time: 00:04:45

Health: -1/38      AC:  6    Str: 15    XL:     5   Next: 13%
Magic:  5/5        EV: 14    Int:  7    God:
Gold:   51         SH:  0    Dex: 16    Spells: 0 memorised, 4 levels left

rFire  . . .     SeeInvis .     a - +0 trident
rCold  . . .     Gourm    .     b - +0 leather armour
rNeg   . . .     Faith    .     (no shield)
rPois  .         Spirit   .     c - +0 helmet
rElec  .         Reflect  .     t - +0 cloak
rCorr  .         Harm     .     e - +0 pair of gloves
MR     .....                    (no boots)
Stlth  +.........               (no amulet)
                                (no ring)
                                (no ring)

@: no status effects
A: change form in water, swift swim, stealthy swim
a: no special abilities


You were on level 2 of the Dungeon.
You were not hungry.

You visited 1 branch of the dungeon, and saw 2 of its levels.

You collected 51 gold pieces.

Inventory:

Hand Weapons
 a - a +0 trident (weapon)
 n - a +0 hunting sling
Missiles
 d - 3 throwing nets (quivered)
 o - 109 stones
Armour
 b - a +0 leather armour (worn)
 c - a +0 helmet (worn)
 e - a +0 pair of gloves (worn)
 t - a +0 cloak (worn)
Scrolls
 h - 2 scrolls of remove curse {unknown}
 j - 2 scrolls of blinking {unknown}
 l - a scroll of random uselessness {unknown}
 m - a scroll of enchant weapon {unknown}
 p - a scroll of amnesia {unknown}
 q - a scroll of enchant armour {unknown}
Potions
 g - a potion of berserk rage {unknown}
 i - a potion of curing {unknown}
 r - a potion of cancellation {unknown}
Comestibles
 f - 2 bread rations
 k - 2 beef jerkies
 s - a chunk of flesh


   Skills:
 - Level 2.1 Fighting
 * Level 8.2 Polearms
 - Level 2.0 Throwing
 - Level 4.0 Dodging


You had 4 spell levels left.
You didn't know any spells.

Dungeon Overview and Level Annotations

Branches:
Dungeon (2/15)

Altars:
Zin

Annotations:
D:2 Natasha


Message History

No target in view!
No target in view!
No target in view!
A magic dart appears from out of thin air!
The magic dart hits you!
You hear some strange, mumbled words.
A magic dart appears from out of thin air!
The magic dart hits you!
You barely miss something. Something claws you!
* * * LOW HITPOINT WARNING * * *
You barely miss something.
You hear some strange, mumbled words.
A magic dart appears from out of thin air!
The magic dart hits you!
* * * LOW HITPOINT WARNING * * *
You hit something.
You hear some strange, mumbled words.
Something tries to affect you, but you resist.
You hit something. Something claws you.
You die...

#.## #.# #########
#.# ####.......#
#.##
#.##.......####.##
#.........).....##
#.##.......#######
#.##.......# #
#@##.......# #
#.##.......# #
#5##.......# #
..################
... ####..... ...#
#......## ...#
#......## ....#
#......##
#......##


You could see a shadow imp.

Vanquished Creatures
  Jessica (D:2)
  Natasha (D:2)
  2 gnolls (D:2)
  3 adders (D:2)
  A giant cockroach (D:1)
  4 goblins
  2 hobgoblins
  4 kobolds
  4 quokkas (D:2)
  8 bats
  2 frilled lizards (D:1)
  4 rats
36 creatures vanquished.

Vanquished Creatures (others)
  2 plants (D:2)
2 creatures vanquished.

Grand Total: 38 creatures vanquished

Notes
Turn   | Place    | Note
-------+----------+-------------------------------------------
     0 | D:1      | Pihi the Merfolk Gladiator began the quest for the Orb.
     0 | D:1      | Reached XP level 1. HP: 16/16 MP: 1/1
    94 | D:1      | Reached skill level 5 in Polearms
   228 | D:1      | Reached XP level 2. HP: 21/22 MP: 2/2
   710 | D:2      | Reached skill level 6 in Polearms
   710 | D:2      | Reached XP level 3. HP: 25/27 MP: 3/3
   729 | D:2      | Found a glowing silver altar of Zin.
   758 | D:2      | Noticed Jessica
   776 | D:2      | Killed Jessica
   776 | D:2      | Reached skill level 7 in Polearms
   776 | D:2      | Reached XP level 4. HP: 14/33 MP: 4/4
  1099 | D:2      | Noticed Natasha
  1177 | D:2      | Killed Natasha
  1313 | D:2      | Reached skill level 8 in Polearms
  1346 | D:2      | Reached XP level 5. HP: 35/38 MP: 5/5
  1576 | D:2      | Noticed Natasha
  1587 | D:2      | Slain by Natasha

Skill      XL: |  1  2  3  4 |
---------------+-------------+-----
Polearms       | 5 6 7 8 |  8.2
Fighting       | |  2.1
Throwing       | |  2.0
Dodging        | |  4.0

Action                   |  1- 3 |  4- 6 || total
-------------------------+-------+-------++-------
Melee: Trident           |    83 |    73 ||   156
  Eat: Chunk             |       |     2 ||     2
Armor: Leather armour    |    23 |    16 ||    39
Dodge: Dodged            |    38 |    41 ||    79
